 Dungeon Crawl Stone Soup version 0.29-a0-529-gfa20dd96a1 (webtiles) character file.

Game seed: 467821444162516523

50 dolemite99 the Cudgeller (level 4, -2/38 HPs)
             Began as a Meteoran Fighter on June 2, 2022.
             Slain by an orc
             ... wielding a +0 flail
              (5 damage)
             ... on level 3 of the Dungeon.
             The game lasted 00:01:51 (1512 turns).

dolemite99 the Cudgeller (Meteoran Fighter)         Turns: 1512, Time: 00:01:52

Health: -2/38      AC:  8    Str: 19    XL:     4   Next: 24%
Magic:  5/5        EV:  9    Int:  9    God:
Gold:   46         SH:  5    Dex: 14    Spells: 3/3 levels left

rFire   . . .      SeeInvis .   a - +3 flail
rCold   . . .      Faith    .   c - +0 buckler
rNeg    . . .      Spirit   .   b - +0 scale mail
rPois   .          Reflect  .   (no helmet)
rElec   .          Harm     .   (no cloak)
rCorr   .          Rampage  .   (no gloves)
Will    .....                   l - +0 pair of boots
Stlth   ..........              (no amulet)
HPRegen 0.12/turn               (no ring)
MPRegen 0.09/turn               (no ring)

@: mighty, lethally poisoned (-2 -> -7), glowing
A: sense surroundings 1, otherworldly, glowing, explore regen
a: no special abilities


You were on level 3 of the Dungeon.
You visited 1 branch of the dungeon, and saw 3 of its levels.

You collected 46 gold pieces.

Inventory:

Hand Weapons
 a - a +3 flail (weapon)
Missiles
 f - 98 stones (quivered)
 i - 2 boomerangs
Armour
 b - a +0 scale mail (worn)
 c - a +0 buckler (worn)
 l - a +0 pair of boots (worn)
Scrolls
 g - a scroll of enchant armour {unknown}
 h - 3 scrolls of vulnerability
 j - 2 scrolls of enchant weapon
 k - 2 scrolls of identify {unknown}
 n - a scroll of brand weapon {unknown}
Potions
 e - a potion of heal wounds {unknown}
 m - a potion of curing {unknown}
 o - 2 potions of flight {unknown}
 p - a potion of invisibility {unknown}


   Skills:
 - Level 3.2 Fighting
 + Level 5.3 Maces & Flails
 - Level 3.6 Armour
 - Level 3.6 Shields


You had 3 spell levels left.
You didn't know any spells.
Your spell library contained the following spells:

 Spells                   Type           Power      Damage    Failure   Level
 Blink                    Tloc           0%         N/A       93%         2
 Lesser Beckoning         Tloc           0%         N/A       99%         3
 Manifold Assault         Tloc           0%         N/A       100%        5


Dungeon Overview and Level Annotations

Branches:
Dungeon (3/15)

Altars:

Shops:
D:2 (


Innate Abilities, Weirdness & Mutations

You passively map a small area around you.
You are easily found by Zot.
You glow in the dark.
You regain HP and MP as you explore.


Message History

You hit the orc but do no damage.
The orc is heavily wounded.
You block the orc's attack.
You closely miss the orc.
The orc is heavily wounded.
You block the orc's attack. x2
The orc hits you with a +2 dagger of venom.
You are poisoned.
The orc hits you but does no damage.
You closely miss the orc.
The orc is heavily wounded.
You feel sick. The orc hits you but does no damage. You block the orc's attack.
The orc hits you with a +2 dagger of venom.
You hit the orc.
The orc is heavily wounded.
You feel sick. You block the orc's attack. x2
The orc hits you but does no damage.
You are more poisoned.
You sock the orc!
You kill the orc!
You feel very sick. The orc hits you but does no damage.
The orc hits you with a +0 flail. The orc barely misses you.
You hit the orc.
The orc is heavily wounded.
You feel very sick. The orc closely misses you.
The orc hits you with a +0 flail. You block the orc's attack.
You feel very mighty all of a sudden.
You feel sick. The orc hits you with a +0 whip.
* * * LOW HITPOINT WARNING * * *
The orc hits you with a +0 flail.
* * * LOW HITPOINT WARNING * * *
The orc hits you with a +2 dagger of venom.
* * * LOW HITPOINT WARNING * * *
You closely miss the orc.
The orc is heavily wounded.
* * * LOW HITPOINT WARNING * * *
You feel sick. You block the orc's attack. The orc hits you with a +0 flail.
You die...

* * .# , , *
..### ** * ,
,, ...., , ,,
#####..##### ,
#..........#
** **
#!.........#*
#........$.#
#.....o....#
#....@)....# ,
#....oo....# ,
#..........#
....######..##
###. #.# ,. ,
*..# *,.. , *
*.#* , , # ,


You could see 3 orcs.

Vanquished Creatures
  An adder (D:2)
  A worm (D:2)
  A dart slug (D:2)
  An orc (D:3)
  2 bats
  6 endoplasms
  A giant cockroach (D:2)
  A goblin (D:2)
  6 hobgoblins
  4 kobolds
  2 quokkas
  A ball python (D:2)
  A frilled lizard (D:1)
  3 rats
31 creatures vanquished.

Notes
Turn   | Place    | Note
-------+----------+-------------------------------------------
     0 | D:1      | dolemite99 the Meteoran Fighter began the quest for the
                  | Orb.
     0 | D:1      | Reached XP level 1. HP: 19/19 MP: 2/2
    65 | D:1      | Reached skill level 3 in Maces & Flails
   182 | D:1      | Reached XP level 2. HP: 26/26 MP: 3/3
   493 | D:2      | Reached skill level 4 in Maces & Flails
   502 | D:2      | Found Duyrgh's Antique Weapon Shop.
   573 | D:2      | Reached XP level 3. HP: 31/31 MP: 4/4
   996 | D:2      | Reached skill level 5 in Maces & Flails
  1068 | D:2      | Reached XP level 4. HP: 21/38 MP: 5/5
  1512 | D:3      | Slain by an orc

Illustrated notes

Levels and vault maps discovered:
D:1:      saegor_arrival_simple_e, layout_basic,
          hellmonk_ecumenical_altar_leap_of_faith, chequers_serial_rivers_marsh
D:2:      layout_loops_ring, serial_shops, shop, minmay_misc_feat_rows,
          minivault_25
D:3:      layout_basic, nicolae_overflow_crystal_walls, serial_shops,
          nicolae_shop_bloodbath_and_beyond

Skill      XL: |  1  2  3 |
---------------+----------+-----
Maces & Flails | 3 4 5 |  5.3
Fighting       | |  3.2
Armour         | |  3.6
Shields        | |  3.6

Action                   |  1- 3 |  4- 6 || total
-------------------------+-------+-------++-------
Melee: Flail             |    69 |    16 ||    85
Throw: Stone             |     7 |       ||     7
  Use: Scroll            |     4 |       ||     4
       Potion            |       |     1 ||     1
Armor: Scale mail        |    25 |     6 ||    31
Dodge: Dodged            |    25 |     5 ||    30
Block: Buckler           |    15 |     8 ||    23

Table legend: (Time is in decaauts)
 A = Elapsed time spent in this place.
 B = Non-inter-level travel time spent in this place.
 C = Inter-level travel time spent in this place.
 D = Time resting spent in this place.
 E = Time spent auto-exploring this place.
 F = Levels seen in this place.
 G = Mean time per level.
                   A        B        C        D        E       F      G
               +--------+--------+--------+--------+--------+-----+--------+
         Total |   1533 |   1478 |     55 |     62 |   1056 |   3 |  511.0 |
       Dungeon |   1533 |   1478 |     55 |     62 |   1056 |   3 |  511.0 |
               +--------+--------+--------+--------+--------+-----+--------+

Top non-repeatable levels by time:
     D:2: 985 daAuts
     D:1: 529 daAuts
     D:3: 17 daAuts
